[Event "GER-ch Youth-U18 2022"]
[Site "Willingen"]
[Date "2022.06.08"]
[Round "5.8"]
[White "Zackrisson, Peter"]
[Black "Leonard, Timo"]
[Result "1-0"]
[ECO "B12"]
[WhiteElo "2015"]
[BlackElo "2018"]
[Annotator "TA"]
[PlyCount "154"]
[EventDate "2022.06.05"]
[EventType "swiss"]
[EventRounds "9"]
[EventCountry "GER"]
[SourceTitle "playchess.com"]
[Source "ChessBase"]
[SourceQuality "1"]
[TimeControl "40/4500+30:900+30"]

1. e4 c6 2. d4 d5 3. e5 c5 4. dxc5 e6 5. a3 Bxc5 6. Qg4 {[%emt 0:00:00] B12: Caro-Kann: Advance Variation.} Ne7 7. Nf3 O-O 8. Bd3 {[%emt 0:00:00][%cal Od3h7] aiming for Bxh7+! The position is equal.} f5 9. Qg3 Ng6 10. O-O Nc6 11. b4 Be7 {[%emt 0:00:00] [#]} 12. Re1 $146 ({Predecessor:} 12. Bb2 a6 13. Nbd2 b5 14. Nb3 Bd7 15. Nbd4 Nxd4 16. Bxd4 Rf7 17. Nd2 f4 18. Qg4 {1-0 (43) Tari,A (2615)-Sadzikowski,D (2523) Reykjavik 2019}) 12... a5 13. b5 Nb8 (13... f4 $2 14. Qg4 Nb8 15. Nbd2 $18 (15. Bxg6 hxg6 16. Bxf4 Qe8 $18)) 14. Nc3 Nd7 (14... a4 $11 {is more appropriate.}) 15. Na4 $1 $14 b6 16. c4 ({White should try} 16. Bg5 $14) 16... Nc5 ({Black should play} 16... Bb7 $11) 17. Nxc5 bxc5 18. cxd5 (18. Bg5 $16) 18... Qxd5 (18... exd5 $11 {keeps the balance.} 19. Bg5 Bxg5 20. Qxg5 Qxg5 21. Nxg5 Rb8) 19. Rd1 (19. Bf1 $1 $16) 19... c4 $11 20. Bc2 (20. Be2 $5 Qxb5 21. a4 $15) 20... Qxb5 21. Rb1 Qc5 22. Be3 (22. h4 $1 $11) 22... Qxa3 $17 {[%emt 0:00:27] Threatens to win with ...f4.} 23. Bd4 Bd8 (23... a4 $17 24. Ra1 Qb4) 24. h4 $1 $11 Qe7 25. h5 Nh4 (25... Nh8 $1 $11 {remains equal.}) 26. Nd2 $2 {[%emt 0:04:43] [#] White is more active.} (26. Be3 $16 {and life is bright.}) 26... Bb7 (26... Ba6 $1 $17 27. Nf3 Rf7 28. Nxh4 Qxh4 29. Qxh4 Bxh4) 27. Nxc4 $2 (27. Bc5 $1 $11 {and White has nothing to worry.} Qc7 28. Bd6 (28. Nxc4 Bxg2 29. Bxf8 Kxf8 $11)) 27... Bxg2 $19 28. Nd2 (28. f4 {was called for.}) 28... Qg5 29. Bb3 (29. Qxg5 $142 Bxg5 30. Bb3) 29... Kh8 (29... Qxh5 $142 30. Bc5 (30. Bxe6+ $2 Kh8 $19) 30... Re8) 30. Bxe6 $2 (30. Qxg5 {is more resistant.} Bxg5 31. Be3 (31. Bxe6 $2 Bxd2 32. Rxd2 Be4 $19) 31... Bxe3 32. fxe3) 30... Qxg3 $2 (30... Qxh5 $19 31. Bc5 Re8) 31. fxg3 $14 Nf3+ 32. Kxg2 Nxd4 33. Bd5 Rc8 (33... Ra7 $1 $14) 34. Nc4 $16 {[%emt 0:00:15][%mdl 1024] White has strong compensation.} Nc2 35. Rdc1 ({Better is} 35. Kh3 $16 {And now Nd6 would win.} Nb4 36. Be6) 35... Nb4 36. Be6 $36 {[%emt 0:00:15][%mdl 2048] White has the initiative.} Rc5 37. Nd6 Rxe5 (37... Rxc1 $11 38. Rxc1 Nd3) 38. Nf7+ $18 Rxf7 39. Bxf7 g6 {[%emt 0:00:39] [#]} 40. h6 $1 Re2+ 41. Kf1 (41. Kh1 $142 Re8 42. Bxe8) 41... Rh2 42. Rc8 Rxh6 {[%emt 0:00:00] ...Rh1+ is the strong threat.} 43. Rxd8+ Kg7 {[%emt 0:00:00] Strongly threatening ...Rh1+.} 44. Bd5 {[%emt 0:00:00] Inhibits Rh1+.} Nxd5 {[%emt 0:00:00][%mdl 4096] Endgame KRR-KRN} 45. Rb7+ Ne7 46. Rxe7+ (46. Rdd7 $142 Rh1+ 47. Kg2 Rc1 48. Rxe7+ Kf6 49. Rxh7 Kg5 50. Rb6 Rc2+ 51. Kh3) 46... Kf6 47. Ra7 {[%emt 0:00:00] Intending Kg2 and mate.} Rh1+ 48. Kg2 Ra1 49. Rda8 Kg5 50. Rxa5 Rb1 51. Ra2 {[%emt 0:00:00] Hoping for R8a7.} h5 52. R8a4 Rc1 53. Rb4 Rc6 54. Ra3 Rd6 55. Kf3 (55. Rab3 $142 Rd5 56. Kh3 Rd8 57. Rb6 Kh6 58. Rf6 Kg5 59. Rbb6 Rg8 60. Rfc6) 55... Rc6 56. Rab3 {[%emt 0:00:00] White threatens Rb6 and mate.} Rd6 57. Rb6 Rd4 58. R3b4 Rd3+ 59. Kg2 {[%emt 0:00:00] Black must now prevent Ra6.} Rd8 60. Ra6 {[%emt 0:00:00] White wants to mate with Rbb6.} Rg8 61. Rbb6 Rg7 62. Re6 Rg8 63. Rad6 (63. Kf3 $142 Rg7 64. Rad6 Rg8 65. Rc6 Rg7 66. Ra6 Rg8 67. Rad6 Rg7 68. Re8) 63... Rg7 64. Kf3 Rg8 65. Ke3 Rg7 66. Kd4 Rg8 67. Ke5 Rg7 68. Rf6 Re7+ 69. Rde6 Rg7 70. Kd6 (70. Rf8 $142 Kg4 71. Kf6 Ra7 72. Kxg6 Kxg3 73. Rxf5 h4 74. Re3+ Kg2 75. Re4) 70... Rg8 71. Ke5 Rg7 72. Rf8 {[%emt 0:00:00] Prevents Rg8.} Ra7 73. Rg8 Ra5+ 74. Kd4 Ra4+ 75. Ke3 {[%emt 0:00:00][%csl Ge6][%cal Rg8g6] White mates.} Ra3+ 76. Kf2 Ra2+ 77. Kf3 Ra3+ {[%emt 0:00:14] White used his chance.  Weighted Error Value: White=0.56/Black=0.87} 1-0

[Event "GER-ch Youth-U18 2022"]
[Site "Willingen"]
[Date "2022.06.08"]
[Round "5.9"]
[White "Weidemann, Jakob"]
[Black "Orf, Niklas"]
[Result "1-0"]
[ECO "B07"]
[WhiteElo "2047"]
[BlackElo "1797"]
[Annotator "TA"]
[PlyCount "53"]
[EventDate "2022.06.05"]
[EventType "swiss"]
[EventRounds "9"]
[EventCountry "GER"]
[SourceTitle "playchess.com"]
[Source "ChessBase"]
[SourceQuality "1"]
[TimeControl "40/4500+30:900+30"]

1. e4 d6 2. d4 Nf6 3. Nc3 Nbd7 4. Nf3 e5 5. Bc4 Be7 6. O-O c6 7. a4 Qc7 {[%emt 0:00:00] Recently 7...h6 got a lot of attention.} 8. Re1 h6 {[%emt 0:00:00] C41: Philidor Defence.} 9. a5 Nf8 10. b3 {[%emt 0:00:00] [#] White is more active.} Ne6 $146 {[%emt 0:00:00] White has an edge.} ({Predecessor:} 10... Ng6 11. d5 O-O 12. h3 Rd8 13. Qd3 Nh5 14. Ne2 Rf8 15. b4 Kh7 16. a6 b5 {1-0 (78) Erdogdu,M (2407)-Koellner,R (2428) Chess.com INT 2021}) 11. d5 Nf8 12. Qd3 g5 ({Better is} 12... Ng6 $14) 13. b4 ({White should try} 13. Ba3) 13... Ng6 $16 14. g3 $36 {[%emt 0:02:10][%mdl 2048] White is on the roll.} Rg8 (14... Kf8 $16) 15. a6 $18 b5 16. Bb3 {[%emt 0:00:14] aiming for dxc6.} Bd7 17. dxc6 Qxc6 18. Ra5 Bd8 $2 {[%emt 0:04:01] A mistake that costs the game.} (18... Kf8 $16 {was necessary.} 19. Nxb5 Bh3) 19. Rxb5 {[%emt 0:03:42] [#] Rb7 is the strong threat.} Rc8 20. Bb2 {[%emt 0:05:29] And now Rb7 would win.} Qxa6 21. Ra1 Rxc3 22. Rxe5+ $1 Nxe5 (22... dxe5 $142 23. Qxa6 Rxf3) 23. Qxa6 Rxf3 (23... Nxf3+ $142 24. Kg2 Rc6) 24. Qxd6 Neg4 25. Rxa7 {[%emt 0:04:44] Intending Bxf6 and mate.} Rxf2 {[%emt 0:07:56] [#]} 26. Rxd7 $1 Nxd7 (26... Rf1+ 27. Kxf1) 27. Ba4 {[%emt 0:00:14] Weighted Error Value: White=0.15 (very precise) /Black=0.86} 1-0

[Event "GER-ch Youth-U18 2022"]
[Site "Willingen"]
[Date "2022.06.08"]
[Round "5.10"]
[White "Geltz, Noah"]
[Black "Haack, Kevin"]
[Result "1-0"]
[ECO "B11"]
[WhiteElo "2156"]
[BlackElo "2176"]
[Annotator "TA"]
[PlyCount "105"]
[EventDate "2022.06.05"]
[EventType "swiss"]
[EventRounds "9"]
[EventCountry "GER"]
[SourceTitle "playchess.com"]
[Source "ChessBase"]
[SourceQuality "1"]
[TimeControl "40/4500+30:900+30"]

1. e4 c6 2. Nf3 d5 3. Nc3 Bg4 4. h3 Bxf3 5. Qxf3 e6 6. Be2 Bc5 {[%emt 0:00:00] B11: Caro-Kann: Two Knights Variation.} 7. O-O Nd7 8. exd5 cxd5 {[%emt 0:00:00] [#] The position is equal.} 9. Na4 $146 ({Predecessor:} 9. Rd1 Ngf6 10. d4 Be7 11. Bd3 O-O 12. Ne2 Qb8 13. Nf4 b5 14. h4 Qb7 15. h5 {½-½ (64) Dragnev,V (2535)-Fridman,D (2626) Katowice 2021}) 9... Bd6 10. d4 Ngf6 11. Nc3 (11. c4 $14) 11... a6 12. Bd3 O-O 13. Bf4 Qc7 14. Bg5 h6 15. Bd2 b5 16. a3 Nb6 {[%emt 0:03:21] [#]} (16... Rfe8 $11 {remains equal.}) 17. Bxh6 $1 $16 {[%emt 0:00:31] Black is now going downhill.} Nc4 (17... Rfe8 18. Bg5) 18. Bg5 $36 {[%emt 0:03:29][%mdl 2048] White is in control.} Nh7 {[%emt 0:03:15] [#]} (18... Nxb2 $2 19. Bxf6 Bh2+ 20. Kh1 $18) 19. Bc1 ({Don't play} 19. Bxh7+ Kxh7 20. Rfb1 f6 $14) 19... f5 (19... Rac8 $16 20. b3 (20. Qh5 g6 $16) 20... Nb6) 20. a4 Rab8 (20... Qa5 $142 21. Rd1 b4) 21. Re1 Qd7 22. g4 g6 (22... b4 {was worth a try.}) 23. gxf5 gxf5 24. Kh1 Bc7 $2 (24... Kh8 25. axb5 axb5) 25. axb5 $18 Qd6 26. Qg2+ Kf7 27. Bxc4 dxc4 28. Rxa6 Rb6 29. Rxb6 Bxb6 30. Rg1 Nf6 31. d5 {[%emt 0:07:07] Strongly threatening Qg6+.} Rg8 {[%emt 0:03:18] Against Qg6+} 32. dxe6+ Qxe6 33. Qb7+ Ke8 34. Qa8+ Kd7 35. Qb7+ Ke8 36. Rxg8+ Nxg8 37. Qa8+ Kd7 38. Qd5+ Qxd5+ 39. Nxd5 Bxf2 {[%emt 0:00:09][%mdl 4096] Endgame KBN-KBN} 40. Bg5 Ke6 41. Kg2 Bd4 42. c3 Bg7 43. Ne3 Nf6 44. Bxf6 Bxf6 {[%emt 0:00:00] KB-KN} 45. Kf3 Kd6 46. Nxc4+ Kc5 47. Na3 {[%emt 0:00:00] Intending b4+ and mate.} Bg5 48. b4+ {[%emt 0:00:00] White mates.} Kb6 49. c4 Bd2 50. c5+ Kb7 51. Nc4 Bxb4 52. c6+ Kc7 53. Kf4 {Weighted Error Value: White=0.27 (precise) /Black=0.51} 1-0

[Event "GER-ch Youth-U18 2022"]
[Site "Willingen"]
[Date "2022.06.08"]
[Round "5.11"]
[White "Bornholdt, Joa Max"]
[Black "Hassemeier, Mika"]
[Result "0-1"]
[ECO "E21"]
[WhiteElo "2155"]
[BlackElo "2127"]
[Annotator "TA"]
[PlyCount "58"]
[EventDate "2022.06.05"]
[EventType "swiss"]
[EventRounds "9"]
[EventCountry "GER"]
[SourceTitle "playchess.com"]
[Source "ChessBase"]
[SourceQuality "1"]
[TimeControl "40/4500+30:900+30"]

1. d4 Nf6 2. c4 e6 3. Nf3 b6 4. Nc3 Bb4 5. Qb3 Bxc3+ 6. Qxc3 Ne4 {[%emt 0:00:00] E21: Nimzo-Indian: 4 Nf3.} 7. Qc2 Bb7 8. g3 O-O {[%emt 0:00:00] White has an edge.} 9. Bg2 d5 {[%emt 0:04:23] [#]} 10. cxd5 $146 ({Predecessor:} 10. O-O Nd7 11. Bf4 Rc8 12. Ne5 Nxe5 13. dxe5 a5 14. Rad1 Qe7 15. h4 h6 16. Kh2 {1-0 (32) Edouard,R (2635)-Barbotte,J (1629) Poitiers 2019}) 10... exd5 11. Bf4 c5 12. O-O Nc6 13. dxc5 bxc5 14. Rac1 Qe7 15. Rfe1 Rfe8 16. Rcd1 (16. Qa4 $14) 16... Rad8 17. Qc1 h6 18. Nd2 Nxd2 19. Bxd2 Ne5 20. Ba5 {[%emt 0:04:15] A strong pair of Bishops.} Rd7 21. Bh3 (21. e3 $11) 21... d4 $17 22. Bxd7 $2 {[%emt 0:05:54] This costs White the game.} (22. f3 $17 {keeps fighting.}) 22... Qxd7 $19 23. f3 {[%emt 0:12:11] [#]} Qh3 $1 {[%emt 0:01:44][%cal Oe5g4] ( -> ...Ng4!)} 24. Qxc5 $2 {[%emt 0:01:18] [#]} (24. Qc2 $19 Bxf3 25. exf3 Nxf3+ 26. Kh1 Rxe1+ 27. Rxe1 Nxe1 28. Qe2) 24... Ng4 $1 {[%emt 0:01:12][%mdl 512] Black mates.} 25. Qxd4 (25. Qh5 Qxh5) 25... Qxh2+ 26. Kf1 Qh1+ 27. Qg1 Qh3+ 28. Qg2 Ne3+ {[%emt 0:00:05][%mdl 64] Pin, Double Attack} 29. Kg1 Qxg2# {[%emt 0:00:07] Weighted Error Value: White=0.53/Black=0.06 (flawless)} 0-1

[Event "GER-ch Youth-U18 2022"]
[Site "Willingen"]
[Date "2022.06.08"]
[Round "5.12"]
[White "Dietlmeier, Tobias"]
[Black "Mankel, Luca"]
[Result "1-0"]
[ECO "B23"]
[WhiteElo "1886"]
[BlackElo "2010"]
[Annotator "TA"]
[PlyCount "62"]
[EventDate "2022.06.05"]
[EventType "swiss"]
[EventRounds "9"]
[EventCountry "GER"]
[SourceTitle "playchess.com"]
[Source "ChessBase"]
[SourceQuality "1"]
[TimeControl "40/4500+30:900+30"]

1. e4 c5 2. Nc3 a6 3. Bc4 e6 4. d3 Nc6 5. a3 Nge7 6. f4 {[%emt 0:00:00] B20: Sicilian: Unusual White 2nd moves.} g6 7. Nf3 Bg7 8. O-O O-O 9. Ne2 d5 10. Ba2 b5 11. Qe1 Bb7 {[%emt 0:04:56] [#]} 12. Qh4 $146 ({Predecessor:} 12. e5 Nf5 13. g4 Nfe7 14. Qh4 f6 15. c4 bxc4 16. dxc4 d4 17. Bd2 a5 18. Rf2 {0-1 (38) Turcu,D (1189)-Serra Canaves,A (1806) Pollenca 2018}) 12... Nd4 (12... Rc8 $11) 13. Nexd4 $14 cxd4 (13... Bxd4+ $2 14. Nxd4 cxd4 15. f5 dxe4 16. fxe6 $18) 14. g4 $2 (14. Ng5 $2 h6 15. Nh3 dxe4 16. dxe4 Bxe4 $19) (14. e5 $1 $14 {stays ahead.}) 14... dxe4 $17 15. Ng5 {[%emt 0:05:33] [#]} (15. dxe4 $15 {is superior.} Nc6 16. Qf2) 15... h6 $1 $36 {[%emt 0:00:05][%mdl 2048] Black is in control.} 16. Nxe4 Nd5 ({Better is} 16... Rc8 $17 17. Rf2 Qd7) 17. Qxd8 $11 Raxd8 18. f5 (18. Nc5 $11 Bc8 19. Re1) 18... exf5 $17 19. gxf5 Kh7 (19... gxf5 $17 20. Nc5 Bc8 21. Bxd5 Rxd5) 20. f6 $11 Bh8 21. Bd2 Bc8 (21... g5 $11) 22. Rae1 {[%emt 0:06:36] White is more active.} (22. Ba5 $16) 22... Bf5 23. Ba5 Rd7 24. Nc5 Rd6 25. Bxd5 (25. Nb7 $11 Rd7 26. Nc5) 25... Rxd5 $17 26. Nxa6 {[%emt 0:03:35] [#]} (26. Ne4 $17) 26... Bxf6 $2 (26... Bh3 $1 $19 {White must now prevent ...Rg5+.} 27. Bd2 Bxf1 28. Rxf1 Rc8) 27. Nc7 $11 Rd7 {[%emt 0:04:04] ...Rc8 is the strong threat.} 28. Nxb5 Rb8 ({Black should play} 28... Rc8 $15 29. c4 dxc3 30. Bxc3 Bh4) 29. a4 Ra8 30. b4 Bg5 31. Re5 (31. Kg2 $14) 31... Rc7 $2 {[%mdl 8192] White used his chance.  Weighted Error Value: White=0.38/Black=0.36} 1-0

[Event "GER-ch Youth-U18 2022"]
[Site "Willingen"]
[Date "2022.06.08"]
[Round "5.13"]
[White "Wehrle, Maximilian"]
[Black "Chen, Qingzhi Alexander"]
[Result "0-1"]
[ECO "B51"]
[WhiteElo "1786"]
[BlackElo "1879"]
[Annotator "NA RC COMBH"]
[PlyCount "62"]
[EventDate "2022.06.05"]
[EventType "swiss"]
[EventRounds "9"]
[EventCountry "GER"]
[SourceTitle "playchess.com"]
[Source "ChessBase"]
[SourceQuality "1"]
[TimeControl "40/4500+30:900+30"]

1. e4 c5 2. Nf3 d6 3. Bb5+ Nd7 4. d4 cxd4 5. Nxd4 Ngf6 6. O-O e6 7. c4 Nxe4 8. Re1 Nef6 9. Rxe6+ fxe6 10. Nxe6 Qe7 11. Nc7+ Kf7 12. Nxa8 Nc5 13. b4 Qe5 14. Nc3 Qxc3 15. Bd2 Qe5 16. bxc5 dxc5 17. g3 Qb8 18. Bf4 Qxa8 19. Qd8 a6 20. Ba4 b5 $1 21. cxb5 axb5 22. Bxb5 Qb7 23. Rb1 (23. Bc4+ $17 {was called for.} Be6 24. Bxe6+ Kxe6 25. Be5) 23... Qe4 24. Bd3 Be7 25. Qxh8 Qxd3 26. Re1 Bh3 27. Qa8 Be6 28. a4 $19 Bd5 29. Qa7 Be6 30. Qb6 Qd5 31. Qa7 Nd7 0-1

[Event "GER-ch Youth-U18 2022"]
[Site "Willingen"]
[Date "2022.06.08"]
[Round "6.1"]
[White "Dahl, Christoph"]
[Black "Fromm, Marius"]
[Result "1/2-1/2"]
[ECO "C28"]
[WhiteElo "2368"]
[BlackElo "2317"]
[Annotator "TA"]
[PlyCount "55"]
[EventDate "2022.06.05"]
[EventType "swiss"]
[EventRounds "9"]
[EventCountry "GER"]
[SourceTitle "playchess.com"]
[Source "ChessBase"]
[SourceQuality "1"]
[TimeControl "40/4500+30:900+30"]

1. e4 e5 2. Nc3 Nf6 3. Bc4 Nc6 4. Nge2 Bc5 5. O-O O-O 6. d3 {[%emt 0:00:00] C28: Vienna Game: 2...Nf6 3 Bc4 Nc6.} Na5 7. a3 {[%emt 0:00:00] 7.a4 gains popularity.} Nxc4 8. dxc4 {[%emt 0:00:00] The position is equal.} d6 9. Qd3 a5 {[%emt 0:00:00][%cal Ba7a5,Ba5a4][%mdl 32] [#]} 10. Be3 $146 ({Predecessor:} 10. Kh1 Ng4 11. Qg3 f5 12. f4 fxe4 13. Nxe4 Ba7 14. Bd2 Bf5 15. N2c3 Qe8 16. h3 Bxe4 17. Qxg4 Bxc2 {0-1 (45) Guner,S (2105)-Ertan,C (2201) Konya 2011}) 10... Bxe3 11. Qxe3 Be6 12. b3 a4 13. f4 exf4 14. Nxf4 Re8 15. Qd4 axb3 16. cxb3 Nd7 17. Nd3 {[%emt 0:06:49] Inhibits Nc5.} Ne5 18. Nxe5 dxe5 19. Qe3 (19. Qxd8 $11 Raxd8 20. a4) 19... Qe7 $15 ({Don't play} 19... Qd4 20. Qxd4 exd4 21. Nb5 $11) 20. a4 c6 {[%emt 0:00:38] Prevents Nd5.} 21. Ne2 Qb4 22. Ng3 f6 23. Nf5 Rad8 24. Rad1 g6 25. Rxd8 {[%emt 0:05:01] Black is slightly better.} Rxd8 26. Ng3 Kg7 27. Qf3 Qe7 28. h3 {[%emt 0:02:42] Weighted Error Value: White=0.08 (flawless) /Black=0.04 (flawless)} 1/2-1/2

[Event "GER-ch Youth-U18 2022"]
[Site "Willingen"]
[Date "2022.06.08"]
[Round "6.2"]
[White "Koelle, Tobias"]
[Black "Weishaeutel, Moritz"]
[Result "1-0"]
[ECO "A58"]
[WhiteElo "2431"]
[BlackElo "2406"]
[Annotator "TA"]
[PlyCount "79"]
[EventDate "2022.06.05"]
[EventType "swiss"]
[EventRounds "9"]
[EventCountry "GER"]
[SourceTitle "playchess.com"]
[Source "ChessBase"]
[SourceQuality "1"]
[TimeControl "40/4500+30:900+30"]

1. d4 Nf6 2. c4 c5 3. d5 b5 4. cxb5 a6 5. bxa6 g6 6. Nc3 {[%emt 0:00:00] A58: Benko/Volga Gambit: Lines with 5 bxa6.} Bg7 7. e4 {[%emt 0:00:00] [#] Black must now prevent e5.} O-O 8. a7 {[%emt 0:00:00] White is slightly better.} Rxa7 9. a4 {[%emt 0:00:00] [#]} d6 $146 ({Predecessor:} 9... Qa5 10. Bd2 Qb6 11. Qc2 Na6 12. Nb5 Ra8 13. Bc4 Nb4 14. Qb1 e6 15. dxe6 fxe6 {0-1 (62) Tarasova,V (2226)-Herrera Reyes,J (2304) Chess.com INT 2021}) 10. Bb5 e6 11. Nge2 exd5 12. exd5 ({Reject} 12. Nxd5 Nxe4 13. O-O Bb7 $11) 12... Na6 13. O-O Nb4 14. h3 Bb7 15. Bc4 Ba6 16. Bxa6 Rxa6 17. Bg5 Qa8 18. Bxf6 Bxf6 19. Qd2 Re8 20. Rad1 Re5 21. Ng3 Re7 (21... Bg7 $14) 22. Rfe1 $16 Rxe1+ 23. Rxe1 Ra7 24. Nge4 Be5 {[%emt 0:02:43] [#]} (24... Be7 $16 25. g4 Qf8) 25. Nxc5 $1 $18 {[%emt 0:11:32][%cal Oe1e5][%mdl 512] Hoping for Rxe5!} Bxc3 (25... Re7 26. N5e4) 26. bxc3 dxc5 (26... Nc2 $142) 27. cxb4 cxb4 {[%emt 0:00:06][%mdl 4096] Endgame KQR-KQR} 28. d6 {[%emt 0:01:37] White wants to mate with d7.} Qc6 29. Rd1 (29. Re7 $142 Rxe7 30. dxe7) 29... Qd7 30. Qxb4 {[%emt 0:00:53] Strongly threatening Qb8+.} Rxa4 31. Qb8+ Kg7 32. Qb2+ Kg8 33. Qb8+ $2 (33. Re1) 33... Kg7 34. Qb2+ $2 (34. Qb3) 34... Kg8 $1 35. Qe5 {[%emt 0:00:31] Prevents Re4.} (35. Re1) 35... Ra8 36. Re1 Rd8 $2 (36... Qe6 37. Qxe6 fxe6 38. Rxe6 Rd8) 37. Qf6 ({Less strong is} 37. Rd1 Qe6 38. f4 Qf5 $18) 37... Re8 38. Rxe8+ Qxe8 39. Qe7 Qc6 40. Qc7 {[%emt 0:00:11] Weighted Error Value: White=0.57/Black=0.66} ({Inferior is} 40. d7 Qc1+ 41. Kh2 Qf4+ 42. g3 Qxf2+ 43. Kh1 Qf1+ 44. Kh2 Qf2+ 45. Kh1 Qf1+ 46. Kh2 Qf2+ $11) 1-0

[Event "GER-ch Youth-U18 2022"]
[Site "Willingen"]
[Date "2022.06.08"]
[Round "6.3"]
[White "Pubantz, Jan"]
[Black "von Mettenheim, Johannes"]
[Result "1-0"]
[ECO "E36"]
[WhiteElo "2265"]
[BlackElo "2176"]
[Annotator "TA"]
[PlyCount "89"]
[EventDate "2022.06.05"]
[EventType "swiss"]
[EventRounds "9"]
[EventCountry "GER"]
[SourceTitle "playchess.com"]
[Source "ChessBase"]
[SourceQuality "1"]
[TimeControl "40/4500+30:900+30"]

1. d4 Nf6 2. c4 e6 3. Nc3 Bb4 4. Qc2 d5 5. a3 Bxc3+ 6. Qxc3 dxc4 7. Qxc4 b6 {[%emt 0:00:00] E36: Nimzo-Indian: Classical: 4...d5 5 a3.} 8. Bf4 Ba6 9. Qxc7 Qd5 {[%emt 0:00:00] White is slightly better.} 10. Qd6 {[%emt 0:00:00] [#]} ({Not} 10. Bd6 $2 Nc6 11. Bb4 Rc8 $19) 10... Qf5 $146 (10... Nc6 $14) ({Predecessor:} 10... Qa5+ 11. Qb4 Nc6 12. Qxa5 Nxa5 13. O-O-O Bb5 14. e3 Rc8+ {1-0 (26) Niemann,H (2637)-Mareco,S (2652) Havana 2022}) 11. f3 $16 Qb5 12. Rc1 {[%emt 0:05:21] Against Nc6} Nd5 13. Bg5 Nd7 (13... Qd7 $16 14. Qxd7+ Kxd7) 14. Qc6 $2 (14. Nh3 $1 $18 {and the rest is easy. Hoping for e4.} h6 15. b4) 14... Qxc6 15. Rxc6 Bb5 16. Rc1 f5 17. Nh3 $36 {[%emt 0:03:59][%mdl 2048] White has strong initiative.} O-O 18. e4 Bxf1 19. Rxf1 N5f6 20. Nf2 Rfd8 21. Ke2 h6 22. Bxf6 Nxf6 23. Rfd1 Rd7 (23... Rac8 $16 {was worth a try.}) 24. Rc6 $18 fxe4 25. fxe4 (25. Nxe4 $6 Kf7 $16) 25... Rad8 {[%emt 0:01:04] [#]} 26. Ke3 ({Don't play} 26. Rxe6 $6 Rxd4 27. Rxd4 Rxd4 $16) 26... Kf7 27. h3 Ke7 28. Rc4 Ne8 29. Ng4 {[%emt 0:03:04] aiming for Ne5.} Nd6 30. Rc2 Nf7 31. Nh2 g5 (31... Nd6 {keeps fighting.} 32. Nf3 Rc8 33. Rxc8 Nxc8) 32. Rcd2 Nd6 {[%emt 0:10:47] [#]} 33. Rc2 {[%emt 0:00:55] Prevents Nc4+.} (33. Rc1 $1 $16) 33... Nf7 $1 34. Nf3 {[%emt 0:01:58] Against Ne5} Rg8 35. g4 h5 36. Rg1 ({Don't do} 36. gxh5 Rh8 37. Kf2 Rxh5) 36... Rh8 37. h4 hxg4 38. Rxg4 gxh4 39. Nxh4 {[%emt 0:00:41] And now Ng6+ would win.} Rhd8 $2 (39... Kd8 {is more resistant.} 40. Nf3 Re7) 40. Ng6+ Ke8 41. Nf4 {[%emt 0:00:00] Black must now prevent Rg8+.} e5 (41... Re7 $142 42. Nh5 Kf8) 42. Rg8+ Ke7 43. Ng6+ {[%emt 0:00:31] White is clearly winning.} Kd6 44. dxe5+ Nxe5 45. Rxd8 {[%emt 0:00:16] Weighted Error Value: White=0.16 (very precise) /Black=0.29 (precise)} 1-0